 Dungeon Crawl Stone Soup version 0.29-a0-234-g0dae59b3db (webtiles) character file.

Game seed: 14813939629927657569

371 Aksej the Skirmisher (level 6, -1/49 HPs)
             Began as a Demonspawn Monk on Mar 2, 2022.
             Frozen to death by an endoplasm (5 damage)
             ... on level 4 of the Dungeon.
             The game lasted 00:06:20 (3137 turns).

Aksej the Skirmisher (Demonspawn Monk)              Turns: 3137, Time: 00:06:20

Health: -1/49      AC:  1    Str: 11    XL:     6   Next: 42%
Magic:  6/6        EV: 13    Int: 12    God:
Gold:   116        SH:  0    Dex: 17    Spells: 5/5 levels left

rFire   . . .      SeeInvis +   a - +0 mace
rCold   . . .      Faith    .   (no shield)
rNeg    . . .      Spirit   .   b - +1 robe
rPois   .          Reflect  .   m - +0 helmet
rElec   .          Harm     .   (no cloak)
rCorr   +          Rampage  .   (no gloves)
Will    .....                   e - +0 pair of boots
Stlth   +++.......              h - amulet of regeneration
HPRegen 0.96/turn               f - ring of see invisible
MPRegen 0.10/turn               n - ring of resist corrosion

@: corroded
A: demonic magic 2
a: no special abilities


You were on level 4 of the Dungeon.
You visited 1 branch of the dungeon, and saw 4 of its levels.

You collected 116 gold pieces.

Inventory:

Hand Weapons
 a - a +0 mace (weapon)
Missiles
 o - 11 boomerangs (quivered)
Armour
 b - a +1 robe (worn)
 e - a +0 pair of boots (worn)
 m - a +0 helmet (worn)
Jewellery
 f - a ring of see invisible (left hand)
 h - an amulet of regeneration (around neck)
 k - a ring of fire
 n - a ring of resist corrosion (right hand)
 u - an amulet of faith
Wands
 l - a wand of polymorph (5)
 s - a wand of paralysis (8)
Scrolls
 q - a scroll of teleportation
Potions
 c - a potion of attraction
 d - a potion of invisibility
 g - a potion of brilliance
 i - a potion of curing
 j - a potion of ambrosia
 p - a potion of heal wounds {unknown}
 r - a potion of cancellation {unknown}
 t - a potion of flight {unknown}


   Skills:
 * Level 4.7 Fighting
 + Level 4.5 Maces & Flails
 + Level 3.4 Dodging
 + Level 3.3 Stealth


You had 5 spell levels left.
You didn't know any spells.
Your spell library was empty.

Dungeon Overview and Level Annotations

Branches:
Dungeon (4/15)
 Temple: D:4-7

Altars:

Shops:
D:3 (

Annotations:
D:4 Edmund


Innate Abilities, Weirdness & Mutations

Spells you cast may paralyse nearby enemies.


Message History

You hit the jelly.
You kill the jelly!
You hit the endoplasm.
The endoplasm is lightly wounded.
The endoplasm hits you.
* * * LOW HITPOINT WARNING * * *
The endoplasm hits you.
* * * LOW HITPOINT WARNING * * *
You hit the endoplasm.
The endoplasm is moderately wounded.
The endoplasm misses you.
You hit the endoplasm.
The endoplasm is severely wounded.
The endoplasm freezes you.
You are frozen.
* * * LOW HITPOINT WARNING * * *
You hit the endoplasm but do no damage.
The endoplasm is severely wounded.
The endoplasm freezes you.
You are frozen.
* * * LOW HITPOINT WARNING * * *
You hit the endoplasm but do no damage.
The endoplasm is severely wounded.
The endoplasm freezes you.
You are frozen.
* * * LOW HITPOINT WARNING * * *
You hit the endoplasm but do no damage.
The endoplasm is heavily wounded.
The endoplasm hits you but does no damage.
You barely miss the endoplasm.
The endoplasm is heavily wounded.
The endoplasm barely misses you. The endoplasm freezes you.
You are frozen.
* * * LOW HITPOINT WARNING * * *
You barely miss the endoplasm.
The endoplasm is heavily wounded.
The endoplasm freezes you.
You are frozen.
You die...

............## #
............# #.
##.#######..# #.. .. .##
##.## ##..# #..## ##..## ##
#..#.###.#...##....##...
#.#.#.#.#.#...........#
##.##.#J#.##.####...####
##..###.#@# ##..#
###...##)#?#.# #..#
###.....#.#.#.#.# #..#
.........#†###.#.. #.†## #
..#.....#####..## #...####
##..##........## ###...)..
#...########...####...#####
. ##..## #........## ..
##...# #.......##


You could see an endoplasm.

Vanquished Creatures
  2 scorpions (D:4)
  A hound (D:3)
  A jelly (D:4)
  Natasha (D:3)
  4 gnolls (D:4)
  5 adders
  2 worms
  2 dart slugs (D:3)
  An orc (D:4)
  5 bats
  7 endoplasms
  5 giant cockroaches
  7 goblins
  2 hobgoblins (D:1)
  A jackal (D:1)
  3 quokkas (D:1)
  10 ball pythons
  A frilled lizard (D:3)
  8 kobolds
  4 rats
72 creatures vanquished.

Vanquished Creatures (others)
  21 plants (D:3)
21 creatures vanquished.

Grand Total: 93 creatures vanquished

Notes
Turn   | Place    | Note
-------+----------+-------------------------------------------
     0 | D:1      | Aksej the Demonspawn Monk began the quest for the Orb.
     0 | D:1      | Reached XP level 1. HP: 18/18 MP: 1/1
   260 | D:1      | Gained mutation: Spells you cast may paralyse adjacent
                  | enemies. [demonic ancestry]
   260 | D:1      | Reached XP level 2. HP: 23/24 MP: 2/2
   979 | D:1      | Reached XP level 3. HP: 29/29 MP: 3/3
  1781 | D:2      | Gained mutation: Spells you cast may paralyse nearby
                  | enemies. [demonic ancestry]
  1781 | D:2      | Reached XP level 4. HP: 37/37 MP: 4/4
  2444 | D:3      | Found a faded altar of an unknown god.
  2637 | D:3      | Found Nam Maigg's Weapon Shoppe.
  2643 | D:3      | Reached XP level 5. HP: 42/42 MP: 5/5
  2841 | D:3      | Noticed Natasha
  2851 | D:3      | Killed Natasha
  2874 | D:4      | Noticed Edmund
  3045 | D:4      | Reached XP level 6. HP: 21/49 MP: 6/6
  3134 | D:4      | HP: 2/49 [frozen (4)]
  3137 | D:4      | Frozen to death by an endoplasm

Illustrated notes

Levels and vault maps discovered:
D:1:      matt_arrival_grand_opening, layout_loops_ring,
          corexii_leaking_fountain, minmay_surrounded
D:2:      layout_loops_corners, minmay_tromino_v4_c
D:3:      layout_loops_ring, serial_shops, shop_fountains,
          ebering_ecumenical_altar_rust, nicolae_grassy_gnolls, uniq_natasha
D:4:      minmay_angry_zag, layout_layer_cave, portal_sewer_entry_b,
          minmay_circle_x, uniq_edmund

Skill      XL: |  1  2  3  4  5 |
---------------+----------------+-----
Dodging        | 3 |  3.4
Stealth        | 2 3 |  3.3
Maces & Flails | 3 4 |  4.5
Fighting       | 4 |  4.7

Action                   |  1- 3 |  4- 6 || total
-------------------------+-------+-------++-------
Melee: Mace              |   118 |   133 ||   251
       Punch             |     3 |     2 ||     5
  Use: Scroll            |     5 |     3 ||     8
       Potion            |       |     1 ||     1
 Stab: Sleeping          |     9 |    10 ||    19
Armor: Robe              |    22 |    31 ||    53
Dodge: Dodged            |    84 |    94 ||   178

Table legend: (Time is in decaauts)
 A = Elapsed time spent in this place.
 B = Non-inter-level travel time spent in this place.
 C = Inter-level travel time spent in this place.
 D = Time resting spent in this place.
 E = Time spent auto-exploring this place.
 F = Levels seen in this place.
 G = Mean time per level.
                   A        B        C        D        E       F      G
               +--------+--------+--------+--------+--------+-----+--------+
         Total |   3195 |   3110 |     85 |      0 |   2447 |   4 |  798.8 |
       Dungeon |   3195 |   3110 |     85 |      0 |   2447 |   4 |  798.8 |
               +--------+--------+--------+--------+--------+-----+--------+

Top non-repeatable levels by time:
     D:1: 1360 daAuts
     D:2: 897 daAuts
     D:3: 688 daAuts
     D:4: 248 daAuts
